WCHLSIM.com - West Coast Hockey League
html PUBLIC "-//W3C//DTD XHTML 1.0 Transitional//EN" "http://www.w3.org/TR/xhtml1/DTD/xhtml1-transitional.dtd"> WCHL - Game 773 - TEXAS TOROS vs LOS ANGELES SEALS

TEXAS TOROS vs LOS ANGELES SEALS

Created - 12 mars 2021 at 21:38

Goals
1 2 3 T
TEXAS TOROS 0 1 2 3
LOS ANGELES SEALS 0 1 1 2
Shots
1 2 3 T
TEXAS TOROS 4 11 17 32
LOS ANGELES SEALS 3 14 4 21

1st period

No Goal

Penalties :
No Penalty

2nd period

1. LOS ANGELES SEALS , Patrick Maroon 5 (Ryan Murray 11, Marcus Pettersson 13) at 18:00
2. TEXAS TOROS , Madison Bowey 6 (Jake Virtanen 15, Denis Malgin 8) at 18:49 (PP)

Penalties :
Darren Helm (LOS) for Boarding (Minor) at 1:56, Ryan Murray (LOS) for Cross-checking (Minor) at 6:28, Aaron Ekblad (TEX) for Hooking (Minor) at 14:39, Marcus Pettersson (LOS) for Hooking (Minor) at 18:25

3rd period

3. LOS ANGELES SEALS , Ryan Murray 8 (Jeff Carter 13, Marcus Pettersson 14) at 7:26 (PP)
4. TEXAS TOROS , Denis Malgin 4 (Nikita Gusev 30) at 9:34
5. TEXAS TOROS , Denis Malgin 5 (Nikita Gusev 31, Dante Fabbro 2) at 11:48

Penalties :
Aaron Ekblad (TEX) for Hooking (Minor) at 4:42, Dmitry Kulikov (TEX) for Slashing (Minor) at 7:12, Noah Dobson (LOS) for Diving (Minor) at 14:30

Goalie Stats

Mikko Koskinen (TEX), 19 saves from 21 shots - (0,905), W, 8-22-2, 60:00 minutes
Carter Hutton (LOS), 29 saves from 32 shots - (0,906), L, 7-22-1, 59:33 minutes

Players Stats for TEXAS TOROS

Player Name              G  A  P  +/- PIM S  H  SB GA TA FO     MP     PP MP  PK MP  
------------------------------------------------------------------------------------
Aaron Ekblad             0  0  0   0  4   4  4  4  0  0  0/0    24:52   3:12   0:14 
Barrett Hayton           0  0  0   0  0   0  2  0  0  0  10/19  18:15   3:07   0:00 
Brock McGinn             0  0  0  -1  0   3  1  0  0  0  0/1    13:30   0:00   0:00 
Conor Sheary             0  0  0   0  0   2  0  0  0  0  0/0    20:09   3:07   1:19 
Dale Weise               0  0  0   0  0   2  0  0  0  0  1/2     9:35   0:00   0:30 
Dante Fabbro             0  1  1   1  0   0  1  3  0  0  0/0    13:39   0:00   1:06 
Denis Malgin             2  1  3   2  0   3  1  0  0  0  6/18   14:23   3:14   0:00 
Dmitry Kulikov           0  0  0   0  2   3  2  0  0  0  0/0    20:15   3:09   1:41 
Jake Virtanen            0  1  1  -1  0   3  3  0  0  0  0/0    18:03   3:14   1:19 
John Quenneville         0  0  0   0  0   0  0  0  0  0  6/8     9:05   0:00   0:00 
Madison Bowey            1  0  1   0  0   2  0  0  0  0  0/0    20:30   3:09   1:55 
Mats Zuccarello          0  0  0   0  0   4  0  1  0  0  2/5    21:25   3:07   2:35 
Nikita Gusev             0  2  2   2  0   1  0  0  0  0  0/1    14:23   3:14   0:00 
Sven Baertschi           0  0  0   0  0   0  0  0  0  0  1/1     9:05   0:00   0:00 
Taro Hirose              0  0  0   2  0   0  1  0  0  0  0/1    11:09   0:00   0:00 
Tyson Barrie             0  0  0   0  0   2  0  2  0  0  0/0    24:17   3:12   2:17 
Valtteri Filppula        0  0  0  -1  0   2  0  0  0  0  13/20  16:46   0:00   2:41 
Vince Dunn               0  0  0   1  0   1  0  0  0  0  0/0    16:24   0:00   1:11 

Players Stats for LOS ANGELES SEALS

Player Name              G  A  P  +/- PIM S  H  SB GA TA FO     MP     PP MP  PK MP  
------------------------------------------------------------------------------------
Adam Boqvist             0  0  0  -1  0   1  0  0  0  0  0/0    15:00   0:00   1:09 
Antti Suomela            0  0  0  -1  0   0  0  0  0  0  1/2    11:43   0:00   0:00 
Austin Watson            0  0  0   0  0   0  0  1  0  0  0/0     9:24   0:45   0:00 
Chris Conner             0  0  0   0  0   0  0  0  0  0  6/17   13:42   0:00   0:00 
Darren Helm              0  0  0   0  2   1  1  1  0  0  0/0    15:35   1:46   0:08 
Emil Bemstrom            0  0  0   0  0   0  0  0  0  0  0/1     8:39   0:00   0:00 
Jack Roslovic            0  0  0   0  0   1  1  0  0  0  11/21  20:59   1:41   3:55 
Jeff Carter              0  1  1   0  0   5  1  0  0  0  1/1    19:29   1:41   2:25 
Kevin Rooney             0  0  0   0  0   2  0  0  0  0  2/6     8:39   0:00   0:00 
Marcus Johansson         0  0  0   0  0   3  1  0  0  0  0/0    18:19   2:31   0:25 
Marcus Pettersson        0  2  2   1  2   0  4  2  0  0  0/0    24:43   2:45   3:40 
Nate Prosser             0  0  0  -1  0   0  3  0  0  0  0/0    17:59   1:27   2:41 
Noah Dobson              0  0  0  -1  2   1  4  1  0  0  0/0    17:16   0:00   0:00 
Patrick Maroon           1  0  1  -1  0   2  0  0  0  0  4/6    16:23   2:31   2:09 
Ryan Murray              1  1  2   1  2   2  0  1  0  0  0/0    22:04   2:45   3:07 
Shayne Gostisbehere      0  0  0  -1  0   0  0  2  0  0  0/0    22:55   1:27   2:05 
Turner Elson             0  0  0  -1  0   0  0  0  0  0  9/13   11:43   0:00   0:00 
Tyler Johnson            0  0  0   0  0   3  0  0  0  0  3/9    19:03   1:41   3:40 

3 Stars

1 - Denis Malgin (TEX)
2 - Nikita Gusev (TEX)
3 - Marcus Pettersson (LOS)

Power Play

TEXAS TOROS - 1 on 4 Attempt(s) - 25,00%
LOS ANGELES SEALS - 1 on 3 Attempt(s) - 33,33%

Penalty Kill

TEXAS TOROS - 2 on 3 Attempt(s) - 66,67% - Score 0 goal in Penalty Kill
LOS ANGELES SEALS - 3 on 4 Attempt(s) - 75,00% - Score 0 goal in Penalty Kill

Team Stat

TEXAS TOROS - Hits : 15 - Faceoff Wins : 39 - Blocked Shots : 10 - Penalty Minutes : 6
LOS ANGELES SEALS - Hits : 15 - Faceoff Wins : 37 - Blocked Shots : 8 - Penalty Minutes : 8

Official

Referees : Brandon Schrader and Reid Anderson
Linesman : Jaime Alary and Luke Galvin

Game Notes

No Game Note

Finance

Level 1 -- Attendance: 6000 (100,00%) -- Ticket Income 900 000 $
Level 2 -- Attendance: 4980 (99,60%) -- Ticket Income 493 020 $
Level 3 -- Attendance: 2000 (100,00%) -- Ticket Income 168 000 $
Level 4 -- Attendance: 2662 (66,55%) -- Ticket Income 212 960 $
Luxury Box -- Attendance: 769 (76,90%) -- Ticket Income 230 700 $
Total Attendance: 16411 (91,17%)
Total Ticket Income: 2 004 680 $
Other Expense: 20 047 $
Total Income: 1 984 633 $

TEXAS TOROS

5 vs 5 Forward 
   Center                   Left Wing                Right Wing               Time % Phy DF OF 
 1 Barrett Hayton           Conor Sheary             Mats Zuccarello          36     1   2  2  
 2 Valtteri Filppula        Brock McGinn             Jake Virtanen            31     1   2  2  
 3 Denis Malgin             Taro Hirose              Nikita Gusev             23     1   2  2  
 4 John Quenneville         Sven Baertschi           Dale Weise               10     1   2  2  

5 vs 5 Defense 
   Defense                  Defense                                           Time % Phy DF OF 
 1 Aaron Ekblad             Tyson Barrie                                      36     1   2  2  
 2 Dmitry Kulikov           Madison Bowey                                     31     1   2  2  
 3 Dante Fabbro             Vince Dunn                                        23     1   2  2  
 4 Vince Dunn               Aaron Ekblad                                      10     1   2  2  

PowerPlay Forward 
   Center                   Left Wing                Right Wing               Time % Phy DF OF 
 1 Barrett Hayton           Conor Sheary             Mats Zuccarello          55     1   2  2  
 2 Denis Malgin             Nikita Gusev             Jake Virtanen            45     1   2  2  

PowerPlay Defense
   Defense                  Defense                                           Time % Phy DF OF 
 1 Aaron Ekblad             Tyson Barrie                                      55     1   2  2  
 2 Dmitry Kulikov           Madison Bowey                                     45     1   2  2  

Penalty Kill 4 Players Forward 
   Center                   Wing                     Time % Phy DF OF 
 1 Mats Zuccarello          Valtteri Filppula        55     1   2  2  
 2 Jake Virtanen            Conor Sheary             45     1   2  2  

Penalty Kill 4 Players Defense
   Defense                  Defense                  Time % Phy DF OF 
 1 Aaron Ekblad             Tyson Barrie             55     1   2  2  
 2 Dmitry Kulikov           Madison Bowey            45     1   2  2  

Penalty Kill - 3 Players Forward 
   Forward                                           Time % Phy DF OF 
 1 Mats Zuccarello                                   55     1   2  2  
 2 Valtteri Filppula                                 45     1   2  2  

Penalty Kill - 3 Players Defense
   Defense                  Defense                  Time % Phy DF OF 
 1 Aaron Ekblad             Tyson Barrie             55     1   2  2  
 2 Dmitry Kulikov           Madison Bowey            45     1   2  2  

4 vs 4 Forward 
   Center                   Wing                     Time % Phy DF OF 
 1 Mats Zuccarello          Valtteri Filppula        55     1   2  2  
 2 Jake Virtanen            Conor Sheary             45     1   2  2  

4 vs 4 Defense
   Defense                  Defense                  Time % Phy DF OF 
 1 Aaron Ekblad             Tyson Barrie             55     1   2  2  
 2 Dmitry Kulikov           Madison Bowey            45     1   2  2  

Last Minutes Offensive
   Center                   Left Wing                Right Wing               Defense                  Defense                  
   Valtteri Filppula        Conor Sheary             Mats Zuccarello          Aaron Ekblad             Tyson Barrie             

Last Minutes Defensive
   Center                   Left Wing                Right Wing               Defense                  Defense                  
   Valtteri Filppula        Conor Sheary             Mats Zuccarello          Aaron Ekblad             Tyson Barrie             

Goaltenders
Starting : Mikko Koskinen           
Backup : Cory Schneider           

Extra Forwards
Normal : Barrett Hayton, Taro Hirose, Nikita Gusev - PP : Barrett Hayton, Taro Hirose - PK : Dale Weise
Extra Defensemen
Normal : Dante Fabbro, Aaron Ekblad, Vince Dunn - PP : Tyson Barrie - PK : Aaron Ekblad, Vince Dunn
Penalty Shots
Mats Zuccarello, Valtteri Filppula, Jake Virtanen, Conor Sheary, Brock McGinn
Custom OT Lines Forwards
Mats Zuccarello, Valtteri Filppula, Jake Virtanen, Conor Sheary, Brock McGinn, Denis Malgin, Taro Hirose, Dale Weise, Sven Baertschi, Nikita Gusev
Custom OT Lines Defensemen
Aaron Ekblad, Tyson Barrie, Dmitry Kulikov, Madison Bowey, Dante Fabbro

Scratches
Braydon Coburn (Healthy), Morgan Klimchuk (Healthy)

LOS ANGELES SEALS

5 vs 5 Forward 
   Center                   Left Wing                Right Wing               Time % Phy DF OF 
 1 Jack Roslovic            Marcus Johansson         Jeff Carter              36     1   2  2  
 2 Chris Conner             Tyler Johnson            Darren Helm              31     1   2  2  
 3 Turner Elson             Patrick Maroon           Antti Suomela            23     1   2  2  
 4 Kevin Rooney             Austin Watson            Emil Bemstrom            10     1   2  2  

5 vs 5 Defense 
   Defense                  Defense                                           Time % Phy DF OF 
 1 Ryan Murray              Marcus Pettersson                                 36     1   2  2  
 2 Noah Dobson              Shayne Gostisbehere                               31     1   2  2  
 3 Nate Prosser             Adam Boqvist                                      23     1   2  2  
 4 Shayne Gostisbehere      Marcus Pettersson                                 10     1   2  2  

PowerPlay Forward 
   Center                   Left Wing                Right Wing               Time % Phy DF OF 
 1 Patrick Maroon           Marcus Johansson         Darren Helm              55     1   2  2  
 2 Jack Roslovic            Tyler Johnson            Jeff Carter              45     1   2  2  

PowerPlay Defense
   Defense                  Defense                                           Time % Phy DF OF 
 1 Ryan Murray              Marcus Pettersson                                 55     1   2  2  
 2 Nate Prosser             Shayne Gostisbehere                               45     1   2  2  

Penalty Kill 4 Players Forward 
   Center                   Wing                     Time % Phy DF OF 
 1 Tyler Johnson            Jack Roslovic            55     1   2  2  
 2 Patrick Maroon           Jeff Carter              45     1   2  2  

Penalty Kill 4 Players Defense
   Defense                  Defense                  Time % Phy DF OF 
 1 Ryan Murray              Marcus Pettersson        55     1   2  2  
 2 Nate Prosser             Shayne Gostisbehere      45     1   2  2  

Penalty Kill - 3 Players Forward 
   Forward                                           Time % Phy DF OF 
 1 Jeff Carter                                       55     1   2  2  
 2 Patrick Maroon                                    45     1   2  2  

Penalty Kill - 3 Players Defense
   Defense                  Defense                  Time % Phy DF OF 
 1 Ryan Murray              Marcus Pettersson        55     1   2  2  
 2 Nate Prosser             Shayne Gostisbehere      45     1   2  2  

4 vs 4 Forward 
   Center                   Wing                     Time % Phy DF OF 
 1 Patrick Maroon           Marcus Johansson         55     1   2  2  
 2 Tyler Johnson            Jeff Carter              45     1   2  2  

4 vs 4 Defense
   Defense                  Defense                  Time % Phy DF OF 
 1 Ryan Murray              Marcus Pettersson        55     1   2  2  
 2 Nate Prosser             Shayne Gostisbehere      45     1   2  2  

Last Minutes Offensive
   Center                   Left Wing                Right Wing               Defense                  Defense                  
   Jack Roslovic            Marcus Johansson         Jeff Carter              Ryan Murray              Marcus Pettersson        

Last Minutes Defensive
   Center                   Left Wing                Right Wing               Defense                  Defense                  
   Jack Roslovic            Marcus Johansson         Jeff Carter              Ryan Murray              Marcus Pettersson        

Goaltenders
Starting : Carter Hutton            
Backup : Casey DeSmith            

Extra Forwards
Normal : Patrick Maroon, Jeff Carter, Tyler Johnson - PP : Patrick Maroon, Tyler Johnson - PK : Patrick Maroon
Extra Defensemen
Normal : Nate Prosser, Marcus Pettersson, Shayne Gostisbehere - PP : Nate Prosser - PK : Nate Prosser, Marcus Pettersson
Penalty Shots
Marcus Johansson, Jack Roslovic, Patrick Maroon, Jeff Carter, Tyler Johnson
Custom OT Lines Forwards
Jack Roslovic, Marcus Johansson, Jeff Carter, Austin Watson, Tyler Johnson, Patrick Maroon, Antti Suomela, Chris Conner, Kevin Rooney, Emil Bemstrom
Custom OT Lines Defensemen
Ryan Murray, Marcus Pettersson, Noah Dobson, Shayne Gostisbehere, Nate Prosser

Scratches
Bo Horvat (Abdominal Strain Injury), Jonathan Ericsson (Back Injury), Lukas Radil (Healthy), Frank Corrado (Healthy), Daniel Vladar (Healthy)

% Time on Ice - TEXAS TOROS

Lines # - Real PCT - Wanted PCT - Time Play
Normal Forward
1 - 31% - 36% - 15:08
2 - 28% - 31% - 13:30
3 - 23% - 23% - 11:09
4 - 19% - 10% - 9:05
Normal Defense
1 - 37% - 36% - 18:13
2 - 32% - 31% - 15:26
3 - 26% - 23% - 12:33
4 - 5% - 10% - 2:40
PP Forward
1 - 49% - 55% - 3:07
2 - 51% - 45% - 3:14
PP Defense
1 - 50% - 55% - 3:12
2 - 50% - 45% - 3:09
PK Forward
1 - 69% - 55% - 2:53
2 - 31% - 45% - 1:19
PK Defense
1 - 54% - 55% - 2:17
2 - 46% - 45% - 1:55
PK3 Forward
1 - 0% - 55%
2 - 0% - 45%
PK3 Defense
1 - 0% - 55%
2 - 0% - 45%
44 Forward
1 - 0% - 55%
2 - 0% - 45%
44 Defense
1 - 0% - 55%
2 - 0% - 45%
Last Minute Offensive  - 0:00
Last Minute Defensive  - 0:35
Total
Forward - 60:00
Defense - 60:00

% Time on Ice - LOS ANGELES SEALS

Lines # - Real PCT - Wanted PCT - Time Play
Normal Forward
1 - 30% - 36% - 14:48
2 - 28% - 31% - 13:42
3 - 24% - 23% - 11:43
4 - 18% - 10% - 8:39
Normal Defense
1 - 32% - 36% - 15:38
2 - 33% - 31% - 16:12
3 - 28% - 23% - 13:51
4 - 7% - 10% - 3:11
PP Forward
1 - 60% - 55% - 2:31
2 - 40% - 45% - 1:41
PP Defense
1 - 65% - 55% - 2:45
2 - 35% - 45% - 1:27
PK Forward
1 - 70% - 55% - 4:28
2 - 30% - 45% - 1:53
PK Defense
1 - 64% - 55% - 4:04
2 - 36% - 45% - 2:17
PK3 Forward
1 - 0% - 55%
2 - 0% - 45%
PK3 Defense
1 - 0% - 55%
2 - 0% - 45%
44 Forward
1 - 0% - 55%
2 - 0% - 45%
44 Defense
1 - 0% - 55%
2 - 0% - 45%
Last Minute Offensive  - 0:35
Last Minute Defensive  - 0:00
Total
Forward - 60:00
Defense - 60:00

Play-by-Play

1st period


0:01 of 1st period - Jack Roslovic wins face-off versus Barrett Hayton in neutral zone.
0:09 of 1st period - Mats Zuccarello is hit by Jack Roslovic and loses puck.
0:19 of 1st period - Jack Roslovic is hit by Aaron Ekblad and loses puck.
0:22 of 1st period - Shot by Jeff Carter.
0:22 of 1st period - Stopped by Mikko Koskinen without a rebound.
0:23 of 1st period - Valtteri Filppula wins face-off versus Chris Conner in TEXAS TOROS zone.
0:48 of 1st period - Shot by Valtteri Filppula.
0:48 of 1st period - Stopped by Carter Hutton without a rebound.
0:49 of 1st period - Turner Elson wins face-off versus Nikita Gusev in LOS ANGELES SEALS zone.
0:49 of 1st period - Turner Elson is hit by Taro Hirose.
1:12 of 1st period - Icing by Dante Fabbro.
1:13 of 1st period - Denis Malgin wins face-off versus Emil Bemstrom in TEXAS TOROS zone.
1:52 of 1st period - Shot by Emil Bemstrom.
1:52 of 1st period - Deflect By Kevin Rooney.
1:52 of 1st period - Shot Misses the Net.
2:33 of 1st period - Icing by Shayne Gostisbehere.
2:34 of 1st period - Kevin Rooney wins face-off versus Valtteri Filppula in LOS ANGELES SEALS zone.
2:56 of 1st period - Shot by Valtteri Filppula.
2:56 of 1st period - Shot Misses the Net.
2:58 of 1st period - Shot by Madison Bowey.
2:58 of 1st period - Shot Misses the Net.
3:12 of 1st period - Shot by Jake Virtanen.
3:12 of 1st period - Stopped by Carter Hutton without a rebound.
3:13 of 1st period - John Quenneville wins face-off versus Jack Roslovic in LOS ANGELES SEALS zone.
3:13 of 1st period - Aaron Ekblad is hit by Nate Prosser.
3:18 of 1st period - Sven Baertschi is hit by Nate Prosser.
3:39 of 1st period - Shot by Marcus Johansson.
3:39 of 1st period - Shot Misses the Net.
4:14 of 1st period - Mats Zuccarello is hit by Darren Helm and loses puck.
4:56 of 1st period - Icing by Ryan Murray.
4:57 of 1st period - Chris Conner wins face-off versus Valtteri Filppula in LOS ANGELES SEALS zone.
4:57 of 1st period - Chris Conner is hit by Jake Virtanen.
5:27 of 1st period - Brock McGinn is hit by Nate Prosser and loses puck.
6:03 of 1st period - Shot by Marcus Pettersson.
6:03 of 1st period - Shot Misses the Net.
6:05 of 1st period - Shot by Jeff Carter.
6:05 of 1st period - Shot Misses the Net.
7:12 of 1st period - Emil Bemstrom is hit by Denis Malgin and loses puck.
7:26 of 1st period - Shot by Kevin Rooney.
7:26 of 1st period - Deflect By Emil Bemstrom.
7:26 of 1st period - Shot Hit the Post.
7:51 of 1st period - Off-side.
7:52 of 1st period - Barrett Hayton wins face-off versus Antti Suomela in neutral zone.
8:31 of 1st period - Shot by Conor Sheary.
8:31 of 1st period - Stopped by Carter Hutton without a rebound.
8:32 of 1st period - Valtteri Filppula wins face-off versus Jack Roslovic in LOS ANGELES SEALS zone.
8:48 of 1st period - Marcus Johansson is hit by Dmitry Kulikov and loses puck.
8:51 of 1st period - Shot by Jeff Carter.
8:51 of 1st period - Stopped by Mikko Koskinen without a rebound.
8:52 of 1st period - John Quenneville wins face-off versus Chris Conner in TEXAS TOROS zone.
10:16 of 1st period - Shot by Valtteri Filppula.
10:16 of 1st period - Stopped by Carter Hutton with a rebound.
11:31 of 1st period - Mats Zuccarello is hit by Noah Dobson and loses puck.
12:04 of 1st period - Shot by Tyler Johnson.
12:04 of 1st period - Shot Blocked by Aaron Ekblad.
12:06 of 1st period - Shot by Noah Dobson.
12:06 of 1st period - Stopped by Mikko Koskinen without a rebound.
12:07 of 1st period - Sven Baertschi wins face-off versus Kevin Rooney in TEXAS TOROS zone.
12:54 of 1st period - Icing by Marcus Pettersson.
12:55 of 1st period - Valtteri Filppula wins face-off versus Kevin Rooney in LOS ANGELES SEALS zone.
13:06 of 1st period - Austin Watson is hit by Jake Virtanen.
13:45 of 1st period - Brock McGinn is hit by Marcus Johansson and loses puck.
15:03 of 1st period - Icing by Adam Boqvist.
15:04 of 1st period - Barrett Hayton wins face-off versus Chris Conner in LOS ANGELES SEALS zone.
16:24 of 1st period - Icing by Brock McGinn.
16:25 of 1st period - Valtteri Filppula wins face-off versus Kevin Rooney in TEXAS TOROS zone.
16:48 of 1st period - Off-side.
16:49 of 1st period - John Quenneville wins face-off versus Chris Conner in neutral zone.
17:11 of 1st period - Shot by Sven Baertschi.
17:11 of 1st period - Shot Misses the Net.
17:57 of 1st period - Shot by Marcus Johansson.
17:57 of 1st period - Shot Blocked by Mats Zuccarello.
17:59 of 1st period - Shot by Jack Roslovic.
17:59 of 1st period - Shot Misses the Net.
18:01 of 1st period - Shot by Ryan Murray.
18:01 of 1st period - Shot Blocked by Dante Fabbro.
18:06 of 1st period - Icing by Dante Fabbro.
18:07 of 1st period - Antti Suomela wins face-off versus Barrett Hayton in TEXAS TOROS zone.
19:01 of 1st period - Icing by Antti Suomela.
19:02 of 1st period - Denis Malgin wins face-off versus Turner Elson in LOS ANGELES SEALS zone.
19:52 of 1st period - Marcus Johansson is hit by Dmitry Kulikov.
Goals for this period are 0 for TEXAS TOROS vs 0 for LOS ANGELES SEALS.
Shots for this period are 4 for TEXAS TOROS vs 3 for LOS ANGELES SEALS.

2nd period


0:01 of 2nd period - Barrett Hayton wins face-off versus Jack Roslovic in neutral zone.
0:19 of 2nd period - Shot by Jeff Carter.
0:19 of 2nd period - Shot Blocked by Aaron Ekblad.
0:27 of 2nd period - Shot by Marcus Johansson.
0:27 of 2nd period - Shot Hit the Post.
1:25 of 2nd period - Shot by Brock McGinn.
1:25 of 2nd period - Stopped by Carter Hutton without a rebound.
1:26 of 2nd period - Denis Malgin wins face-off versus Chris Conner in LOS ANGELES SEALS zone.
1:56 of 2nd period - Minor Penalty to Darren Helm for Boarding.
1:57 of 2nd period - Tyler Johnson wins face-off versus Barrett Hayton in LOS ANGELES SEALS zone.
1:57 of 2nd period - Tyler Johnson is hit by Barrett Hayton.
2:26 of 2nd period - Shot by Mats Zuccarello.
2:26 of 2nd period - Stopped by Carter Hutton with a rebound.
3:07 of 2nd period - Shot by Tyson Barrie.
3:07 of 2nd period - Stopped by Carter Hutton without a rebound.
3:08 of 2nd period - Barrett Hayton wins face-off versus Tyler Johnson in LOS ANGELES SEALS zone.
3:22 of 2nd period - Off-side.
3:23 of 2nd period - Denis Malgin wins face-off versus Tyler Johnson in neutral zone.
4:06 of 2nd period - Shot by Dale Weise.
4:06 of 2nd period - Shot Blocked by Austin Watson.
4:57 of 2nd period - Shot by Aaron Ekblad.
4:57 of 2nd period - Stopped by Carter Hutton without a rebound.
4:58 of 2nd period - Valtteri Filppula wins face-off versus Jack Roslovic in LOS ANGELES SEALS zone.
5:10 of 2nd period - Off-side.
5:11 of 2nd period - Turner Elson wins face-off versus Barrett Hayton in neutral zone.
5:35 of 2nd period - Mats Zuccarello is hit by Marcus Pettersson and loses puck.
6:17 of 2nd period - Valtteri Filppula is hit by Marcus Pettersson and loses puck.
6:25 of 2nd period - Icing by Marcus Pettersson.
6:26 of 2nd period - Turner Elson wins face-off versus Denis Malgin in LOS ANGELES SEALS zone.
6:28 of 2nd period - Minor Penalty to Ryan Murray for Cross-checking.
6:29 of 2nd period - Tyler Johnson wins face-off versus Denis Malgin in LOS ANGELES SEALS zone.
7:45 of 2nd period - Shot by Jeff Carter.
7:45 of 2nd period - Stopped by Mikko Koskinen without a rebound.
7:46 of 2nd period - Patrick Maroon wins face-off versus Denis Malgin in TEXAS TOROS zone.
8:38 of 2nd period - Kevin Rooney is hit by Dante Fabbro and loses puck.
8:45 of 2nd period - Shot by Kevin Rooney.
8:45 of 2nd period - Stopped by Mikko Koskinen without a rebound.
8:46 of 2nd period - Barrett Hayton wins face-off versus Chris Conner in TEXAS TOROS zone.
9:10 of 2nd period - Shot by Tyler Johnson.
9:10 of 2nd period - Stopped by Mikko Koskinen with a rebound.
10:11 of 2nd period - Icing by Dante Fabbro.
10:12 of 2nd period - John Quenneville wins face-off versus Jack Roslovic in TEXAS TOROS zone.
10:30 of 2nd period - Shot by Jeff Carter.
10:30 of 2nd period - Deflect By Jack Roslovic.
10:30 of 2nd period - Stopped by Mikko Koskinen without a rebound.
10:31 of 2nd period - Valtteri Filppula wins face-off versus Chris Conner in TEXAS TOROS zone.
10:40 of 2nd period - Shot by Tyler Johnson.
10:40 of 2nd period - Stopped by Mikko Koskinen without a rebound.
10:41 of 2nd period - Jack Roslovic wins face-off versus Denis Malgin in TEXAS TOROS zone.
11:22 of 2nd period - Icing by Tyson Barrie.
11:23 of 2nd period - Chris Conner wins face-off versus Denis Malgin in TEXAS TOROS zone.
11:48 of 2nd period - Shot by Darren Helm.
11:48 of 2nd period - Shot Misses the Net.
12:32 of 2nd period - Icing by Patrick Maroon.
12:33 of 2nd period - Turner Elson wins face-off versus Valtteri Filppula in LOS ANGELES SEALS zone.
12:33 of 2nd period - Turner Elson is hit by Jake Virtanen.
12:58 of 2nd period - Shot by Patrick Maroon.
12:58 of 2nd period - Stopped by Mikko Koskinen without a rebound.
12:59 of 2nd period - John Quenneville wins face-off versus Jack Roslovic in TEXAS TOROS zone.
12:59 of 2nd period - John Quenneville is hit by Jeff Carter.
13:15 of 2nd period - Shot by Dale Weise.
13:15 of 2nd period - Stopped by Carter Hutton without a rebound.
13:16 of 2nd period - Barrett Hayton wins face-off versus Kevin Rooney in LOS ANGELES SEALS zone.
13:25 of 2nd period - Shot by Mats Zuccarello.
13:25 of 2nd period - Shot Misses the Net.
13:27 of 2nd period - Shot by Aaron Ekblad.
13:27 of 2nd period - Stopped by Carter Hutton without a rebound.
13:28 of 2nd period - Jack Roslovic wins face-off versus Brock McGinn in LOS ANGELES SEALS zone.
13:37 of 2nd period - Shot by Marcus Johansson.
13:37 of 2nd period - Stopped by Mikko Koskinen without a rebound.
13:38 of 2nd period - Chris Conner wins face-off versus Barrett Hayton in TEXAS TOROS zone.
13:52 of 2nd period - Tyler Johnson is hit by Aaron Ekblad and loses puck.
14:08 of 2nd period - Darren Helm is hit by Aaron Ekblad and loses puck.
14:39 of 2nd period - Minor Penalty to Aaron Ekblad for Hooking.
14:40 of 2nd period - Patrick Maroon wins face-off versus Dale Weise in TEXAS TOROS zone.
14:57 of 2nd period - Icing by Ryan Murray.
14:58 of 2nd period - Mats Zuccarello wins face-off versus Patrick Maroon in LOS ANGELES SEALS zone.
16:00 of 2nd period - Shot by Tyler Johnson.
16:00 of 2nd period - Stopped by Mikko Koskinen without a rebound.
16:01 of 2nd period - Patrick Maroon wins face-off versus Mats Zuccarello in TEXAS TOROS zone.
16:14 of 2nd period - Shot by Marcus Johansson.
16:14 of 2nd period - Shot Misses the Net.
16:16 of 2nd period - Shot by Ryan Murray.
16:16 of 2nd period - Stopped by Mikko Koskinen with a rebound.
16:18 of 2nd period - Shot by Ryan Murray.
16:18 of 2nd period - Shot Blocked by Tyson Barrie.
16:27 of 2nd period - Shot by Marcus Johansson.
16:27 of 2nd period - Shot Blocked by Dante Fabbro.
16:29 of 2nd period - Shot by Marcus Pettersson.
16:29 of 2nd period - Shot Blocked by Dante Fabbro.
17:03 of 2nd period - Shot by Austin Watson.
17:03 of 2nd period - Shot Misses the Net.
17:05 of 2nd period - Shot by Noah Dobson.
17:05 of 2nd period - Shot Misses the Net.
17:20 of 2nd period - Off-side.
17:21 of 2nd period - Jack Roslovic wins face-off versus John Quenneville in neutral zone.
17:48 of 2nd period - Shot by Marcus Johansson.
17:48 of 2nd period - Stopped by Mikko Koskinen without a rebound.
17:49 of 2nd period - Valtteri Filppula wins face-off versus Turner Elson in TEXAS TOROS zone.
18:00 of 2nd period - Shot by Patrick Maroon.
18:00 of 2nd period - Goal by Patrick Maroon - TEXAS TOROS : 0 - LOS ANGELES SEALS : 1.
18:01 of 2nd period - Chris Conner wins face-off versus Denis Malgin in neutral zone.
18:08 of 2nd period - Shot by Tyler Johnson.
18:08 of 2nd period - Shot Blocked by Aaron Ekblad.
18:10 of 2nd period - Shot by Darren Helm.
18:10 of 2nd period - Stopped by Mikko Koskinen without a rebound.
18:11 of 2nd period - Valtteri Filppula wins face-off versus Jack Roslovic in TEXAS TOROS zone.
18:20 of 2nd period - Shot by Jeff Carter.
18:20 of 2nd period - Stopped by Mikko Koskinen without a rebound.
18:21 of 2nd period - Barrett Hayton wins face-off versus Chris Conner in TEXAS TOROS zone.
18:25 of 2nd period - Minor Penalty to Marcus Pettersson for Hooking.
18:26 of 2nd period - Barrett Hayton wins face-off versus Tyler Johnson in LOS ANGELES SEALS zone.
18:41 of 2nd period - Shot by Conor Sheary.
18:41 of 2nd period - Stopped by Carter Hutton without a rebound.
18:42 of 2nd period - Denis Malgin wins face-off versus Tyler Johnson in LOS ANGELES SEALS zone.
18:45 of 2nd period - Shot by Jake Virtanen.
18:45 of 2nd period - Stopped by Carter Hutton with a rebound.
18:47 of 2nd period - Shot by Madison Bowey.
18:47 of 2nd period - Stopped by Carter Hutton with a rebound.
18:49 of 2nd period - Shot by Madison Bowey.
18:49 of 2nd period - Goal by Madison Bowey - TEXAS TOROS : 1 - LOS ANGELES SEALS : 1.
18:50 of 2nd period - Valtteri Filppula wins face-off versus Turner Elson in neutral zone.
19:11 of 2nd period - Shot by Valtteri Filppula.
19:11 of 2nd period - Shot Misses the Net.
19:25 of 2nd period - Shot by Brock McGinn.
19:25 of 2nd period - Shot Blocked by Shayne Gostisbehere.
19:45 of 2nd period - Shot by Mats Zuccarello.
19:45 of 2nd period - Deflect By Conor Sheary.
19:45 of 2nd period - Shot Misses the Net.
19:47 of 2nd period - Shot by Conor Sheary.
19:47 of 2nd period - Shot Blocked by Marcus Pettersson.
19:49 of 2nd period - Shot by Mats Zuccarello.
19:49 of 2nd period - Stopped by Carter Hutton without a rebound.
19:50 of 2nd period - Jack Roslovic wins face-off versus Taro Hirose in LOS ANGELES SEALS zone.
19:55 of 2nd period - Shot by Marcus Johansson.
19:55 of 2nd period - Stopped by Mikko Koskinen without a rebound.
19:56 of 2nd period - Jack Roslovic wins face-off versus Barrett Hayton in TEXAS TOROS zone.
Goals for this period are 1 for TEXAS TOROS vs 1 for LOS ANGELES SEALS.
Shots for this period are 11 for TEXAS TOROS vs 14 for LOS ANGELES SEALS.

3rd period


0:01 of 3rd period - Jack Roslovic wins face-off versus Barrett Hayton in neutral zone.
0:33 of 3rd period - Jeff Carter is hit by Aaron Ekblad.
0:42 of 3rd period - Off-side.
0:43 of 3rd period - Valtteri Filppula wins face-off versus Chris Conner in neutral zone.
1:21 of 3rd period - Icing by Dmitry Kulikov.
1:22 of 3rd period - Turner Elson wins face-off versus Valtteri Filppula in TEXAS TOROS zone.
1:30 of 3rd period - Icing by Madison Bowey.
1:31 of 3rd period - Valtteri Filppula wins face-off versus Jack Roslovic in TEXAS TOROS zone.
2:44 of 3rd period - Shot by Nikita Gusev.
2:44 of 3rd period - Shot Misses the Net.
2:50 of 3rd period - Shot by Nikita Gusev.
2:50 of 3rd period - Deflect By Denis Malgin.
2:50 of 3rd period - Shot Misses the Net.
2:52 of 3rd period - Shot by Denis Malgin.
2:52 of 3rd period - Stopped by Carter Hutton without a rebound.
2:53 of 3rd period - John Quenneville wins face-off versus Chris Conner in LOS ANGELES SEALS zone.
3:48 of 3rd period - Shot by Brock McGinn.
3:48 of 3rd period - Shot Misses the Net.
4:32 of 3rd period - Icing by Tyson Barrie.
4:33 of 3rd period - Kevin Rooney wins face-off versus Barrett Hayton in TEXAS TOROS zone.
4:42 of 3rd period - Minor Penalty to Aaron Ekblad for Hooking.
4:43 of 3rd period - Patrick Maroon wins face-off versus Mats Zuccarello in TEXAS TOROS zone.
6:28 of 3rd period - Icing by Ryan Murray.
6:29 of 3rd period - Mats Zuccarello wins face-off versus Patrick Maroon in LOS ANGELES SEALS zone.
7:11 of 3rd period - Shot by Kevin Rooney.
7:11 of 3rd period - Stopped by Mikko Koskinen without a rebound.
7:12 of 3rd period - Jeff Carter wins face-off versus John Quenneville in TEXAS TOROS zone.
7:12 of 3rd period - Minor Penalty to Dmitry Kulikov for Slashing.
7:13 of 3rd period - Jack Roslovic wins face-off versus Mats Zuccarello in TEXAS TOROS zone.
7:22 of 3rd period - Shot by Jack Roslovic.
7:22 of 3rd period - Shot Blocked by Aaron Ekblad.
7:24 of 3rd period - Shot by Marcus Pettersson.
7:24 of 3rd period - Deflect By Jeff Carter.
7:24 of 3rd period - Shot Misses the Net.
7:26 of 3rd period - Shot by Ryan Murray.
7:26 of 3rd period - Goal by Ryan Murray - TEXAS TOROS : 1 - LOS ANGELES SEALS : 2.
7:27 of 3rd period - Turner Elson wins face-off versus Denis Malgin in neutral zone.
7:47 of 3rd period - Shot by Nikita Gusev.
7:47 of 3rd period - Shot Blocked by Noah Dobson.
7:49 of 3rd period - Shot by Dmitry Kulikov.
7:49 of 3rd period - Stopped by Carter Hutton without a rebound.
7:50 of 3rd period - Jack Roslovic wins face-off versus Barrett Hayton in LOS ANGELES SEALS zone.
7:50 of 3rd period - Jack Roslovic is hit by Barrett Hayton.
8:48 of 3rd period - Icing by Adam Boqvist.
8:49 of 3rd period - Valtteri Filppula wins face-off versus Chris Conner in LOS ANGELES SEALS zone.
9:04 of 3rd period - Shot by Darren Helm.
9:04 of 3rd period - Shot Misses the Net.
9:06 of 3rd period - Shot by Adam Boqvist.
9:06 of 3rd period - Stopped by Mikko Koskinen without a rebound.
9:07 of 3rd period - Turner Elson wins face-off versus Denis Malgin in TEXAS TOROS zone.
9:34 of 3rd period - Shot by Denis Malgin.
9:34 of 3rd period - Goal by Denis Malgin - TEXAS TOROS : 2 - LOS ANGELES SEALS : 2.
9:35 of 3rd period - Valtteri Filppula wins face-off versus Jack Roslovic in neutral zone.
10:19 of 3rd period - Shot by Jeff Carter.
10:19 of 3rd period - Stopped by Mikko Koskinen with a rebound.
11:02 of 3rd period - Shot by Conor Sheary.
11:02 of 3rd period - Shot Misses the Net.
11:04 of 3rd period - Shot by Aaron Ekblad.
11:04 of 3rd period - Shot Blocked by Shayne Gostisbehere.
11:06 of 3rd period - Shot by Aaron Ekblad.
11:06 of 3rd period - Shot Blocked by Darren Helm.
11:08 of 3rd period - Shot by Aaron Ekblad.
11:08 of 3rd period - Deflect By Mats Zuccarello.
11:08 of 3rd period - Shot Misses the Net.
11:22 of 3rd period - Shot by Mats Zuccarello.
11:22 of 3rd period - Stopped by Carter Hutton without a rebound.
11:23 of 3rd period - Turner Elson wins face-off versus Denis Malgin in LOS ANGELES SEALS zone.
11:48 of 3rd period - Shot by Denis Malgin.
11:48 of 3rd period - Goal by Denis Malgin - TEXAS TOROS : 3 - LOS ANGELES SEALS : 2.
11:49 of 3rd period - Dale Weise wins face-off versus Jack Roslovic in neutral zone.
11:51 of 3rd period - Aaron Ekblad is hit by Marcus Pettersson and loses puck.
13:40 of 3rd period - Patrick Maroon is hit by Brock McGinn and loses puck.
14:01 of 3rd period - Shot by Brock McGinn.
14:01 of 3rd period - Stopped by Carter Hutton without a rebound.
14:02 of 3rd period - Chris Conner wins face-off versus Denis Malgin in LOS ANGELES SEALS zone.
14:26 of 3rd period - Nikita Gusev is hit by Noah Dobson and loses puck.
14:30 of 3rd period - Minor Penalty to Noah Dobson for Diving.
14:31 of 3rd period - Barrett Hayton wins face-off versus Tyler Johnson in LOS ANGELES SEALS zone.
14:43 of 3rd period - Shot by Dmitry Kulikov.
14:43 of 3rd period - Stopped by Carter Hutton with a rebound.
14:45 of 3rd period - Shot by Dmitry Kulikov.
14:45 of 3rd period - Stopped by Carter Hutton without a rebound.
14:46 of 3rd period - Tyler Johnson wins face-off versus Denis Malgin in LOS ANGELES SEALS zone.
15:13 of 3rd period - Shot by Nikita Gusev.
15:13 of 3rd period - Shot Misses the Net.
15:35 of 3rd period - Shot by Aaron Ekblad.
15:35 of 3rd period - Stopped by Carter Hutton without a rebound.
15:36 of 3rd period - Barrett Hayton wins face-off versus Tyler Johnson in LOS ANGELES SEALS zone.
16:09 of 3rd period - Shot by Tyson Barrie.
16:09 of 3rd period - Deflect By Mats Zuccarello.
16:09 of 3rd period - Shot Misses the Net.
16:11 of 3rd period - Shot by Aaron Ekblad.
16:11 of 3rd period - Stopped by Carter Hutton with a rebound.
16:13 of 3rd period - Shot by Tyson Barrie.
16:13 of 3rd period - Shot Blocked by Marcus Pettersson.
16:15 of 3rd period - Shot by Tyson Barrie.
16:15 of 3rd period - Shot Misses the Net.
16:17 of 3rd period - Shot by Tyson Barrie.
16:17 of 3rd period - Shot Misses the Net.
16:40 of 3rd period - Dale Weise is hit by Noah Dobson.
16:58 of 3rd period - Shot by Dale Weise.
16:58 of 3rd period - Stopped by Carter Hutton with a rebound.
17:00 of 3rd period - Shot by Vince Dunn.
17:00 of 3rd period - Stopped by Carter Hutton with a rebound.
17:32 of 3rd period - Shot by Jake Virtanen.
17:32 of 3rd period - Stopped by Carter Hutton without a rebound.
17:33 of 3rd period - Denis Malgin wins face-off versus Turner Elson in LOS ANGELES SEALS zone.
17:36 of 3rd period - Shot by Nikita Gusev.
17:36 of 3rd period - Stopped by Carter Hutton with a rebound.
17:38 of 3rd period - Shot by Denis Malgin.
17:38 of 3rd period - Shot Misses the Net.
17:40 of 3rd period - Shot by Tyson Barrie.
17:40 of 3rd period - Stopped by Carter Hutton without a rebound.
17:41 of 3rd period - Chris Conner wins face-off versus Denis Malgin in LOS ANGELES SEALS zone.
17:46 of 3rd period - Shot by Darren Helm.
17:46 of 3rd period - Shot Blocked by Tyson Barrie.
18:52 of 3rd period - Shot by Conor Sheary.
18:52 of 3rd period - Shot Blocked by Ryan Murray.
18:54 of 3rd period - Shot by Mats Zuccarello.
18:54 of 3rd period - Stopped by Carter Hutton without a rebound.
18:55 of 3rd period - Turner Elson wins face-off versus Valtteri Filppula in LOS ANGELES SEALS zone.
19:05 of 3rd period - Valtteri Filppula is hit by Noah Dobson and loses puck.
19:16 of 3rd period - Shot by Jake Virtanen.
19:16 of 3rd period - Shot Misses the Net.
19:24 of 3rd period - Shot by Brock McGinn.
19:24 of 3rd period - Stopped by Carter Hutton without a rebound.
19:25 of 3rd period - Jack Roslovic wins face-off versus Valtteri Filppula in LOS ANGELES SEALS zone.
19:27 of 3rd period - Icing by Marcus Johansson.
19:28 of 3rd period - Jack Roslovic wins face-off versus Valtteri Filppula in LOS ANGELES SEALS zone.
19:33 of 3rd period - LOS ANGELES SEALS, Carter Hutton is pulled from the net.
19:45 of 3rd period - Shot by Valtteri Filppula.
19:45 of 3rd period - Shot Misses the Net.
19:47 of 3rd period - Shot by Mats Zuccarello.
19:47 of 3rd period - Shot Hit the Post.
19:54 of 3rd period - Tyson Barrie is hit by Marcus Pettersson and loses puck.
Goals for this period are 2 for TEXAS TOROS vs 1 for LOS ANGELES SEALS.
Shots for this period are 17 for TEXAS TOROS vs 4 for LOS ANGELES SEALS.


AUSTON
MATTHEWS
JOEL
ERIKSSON
MATHEW
BARZAL

EAST COAST

HOCKEY LEAGUE

  • 21.PIT7MAN3
  • 22.ATL3NHW4
  • 23.WOR5PET4
  • 24.3RHI4
  • 25.QUECHI
  • 26.CHALIM
  • 27.TRVLON
  • 28.CHWBAL